 Dungeon Crawl Stone Soup version 0.28.0-43-g3370ac3207 (webtiles) character file.

Game seed: 8310939559266872503

460989 joshe the Convoker (level 23, -7/211 HPs)
             Began as a Black Draconian Conjurer on Mar 8, 2022.
             Was the Champion of Ashenzari.
             Killed from afar by a golden dragon (34 damage)
             ... with a bolt of cold
             ... on level 5 of the Vaults on Mar 12, 2022.
             The game lasted 09:16:50 (84368 turns).

joshe the Convoker (Black Draconian Conjurer)      Turns: 84368, Time: 09:16:50

Health: -7/211     AC: 15    Str: 16    XL:     23   Next: 7%
Magic:  7/49       EV: 14    Int: 34    God:    Ashenzari [******]
Gold:   5471       SH: 31    Dex: 11    Spells: 3/66 levels left

rFire   + + .      SeeInvis +   t - staff of conjuration (curse) {Evo, Bglg}
rCold   + . .      Faith    .   P - +4 tower shield of the Restrained Anxiety {reflect, Bglg, Self} (curse)
rNeg    . . .      Spirit   .   (armour unavailable)
rPois   +          Reflect  +   J - +0 mask of the Dragon {Will+ Slay+3 SInv, Fort, Elem} (curse)
rElec   +          Harm     .   c - +0 cloak of the Unyielding Gaze {Evo, Self} (curse)
rCorr   +          Rampage  .   s - +0 pair of gloves "Prison of Ashenzari" {rPois, Cun, Fort} (curse)
Will    +++..      Clarity  +   w - +1 pair of boots of the Sublime Malaise {Fort, Comp} (curse)
Stlth   +++.......              g - amulet of Curses and Power {Reflect SH+5, Range, Elem} (curse)
HPRegen 0.45/turn               f - ring of Ashenzari's Blue Moon {Wiz rF+ Will+ Str+2, Comp, Fort} (curse)
MPRegen 0.31/turn               H - ring of the Wild Blue Yonder {Int+6, Self, Alch} (curse)

@: brilliant, resistant, flying, hasted, very quick
A: breathe lightning, AC +11, unfitting armour, big wings, electricity
resistance, cold-blooded, antennae 1, strong 2
}: 3/15 runes: serpentine, barnacled, slimy
a: Breathe Lightning, Renounce Religion, Shatter the Chains


You were on level 5 of the Vaults.
You worshipped Ashenzari.
Ashenzari was exalted by your worship.
You visited 10 branches of the dungeon, and saw 46 of its levels.
You visited 1 bazaar.
You also visited: Ice Cave and Volcano.

You collected 9721 gold pieces.
You spent 4250 gold pieces at shops.

Inventory:

Armour
 c - the cursed +0 cloak of the Unyielding Gaze (worn) {Evo, Self}
   (You found it on level 1 of the Dungeon)

   It has a curse which improves the following skills: Evocations: Evocations.
   Introspection: Fighting and Spellcasting.
 s - the cursed +0 pair of gloves "Prison of Ashenzari" (worn) {rPois, Cun, Fort}
   (You found it on level 4 of the Dungeon)

   rPois:     It protects you from poison.
   It has a curse which improves the following skills: Cunning: Dodging and
   Stealth.
   Fortitude: Shields.
 w - the cursed +1 pair of boots of the Sublime Malaise (worn) {Fort, Comp}
   (You found it on level 5 of the Dungeon)

   It has a curse which improves the following skills: Fortitude: Shields.
   Companions: Summonings and Necromancy.
 J - the cursed +0 mask of the Dragon (worn) {Will+ Slay+3 SInv, Fort, Elem}
   (You found it on level 3 of the Elven Halls)

   Slay:      It affects your accuracy & damage with ranged weapons and melee
   (+3).
   SInv:      It lets you see invisible.
   Will:      It increases your willpower.
   It has a curse which improves the following skills: Fortitude: Shields.
   Elements:  Fire Magic, Ice Magic, Air Magic and Earth Magic.
 M - the +2 pair of gloves "Zaumeo Kuapn" {MP+9 Int+2 Stlth+}
   (You found it on level 2 of the Lair of Beasts)

   Int:       It affects your intelligence (+2).
   MP:        It affects your magic capacity (+9).
   Stlth:     It makes you more stealthy.
 P - the cursed +4 tower shield of the Restrained Anxiety (worn) {reflect, Bglg, Self}
   (You took it off a naga warrior on level 4 of the Snake Pit)

   It has a curse which improves the following skills: Beguiling: Conjurations,
   Hexes and Translocations.
   Introspection: Fighting and Spellcasting.
Magical Staves
 t - a cursed staff of conjuration (weapon) {Evo, Bglg}
Jewellery
 f - the cursed ring of Ashenzari's Blue Moon (left hand) {Wiz rF+ Will+ Str+2, Comp, Fort}
   (You took it off a deep elf elementalist on level 3 of the Elven Halls)

   [ring of wizardry]

   It improves your spell success rate.
   Str:       It affects your strength (+2).
   rF:        It protects you from fire.
   Will:      It increases your willpower.
   It has a curse which improves the following skills: Companions: Summonings
   and Necromancy.
   Fortitude: Shields.
 g - the cursed amulet of Curses and Power (around neck) {Reflect SH+5, Range, Elem}
   (You found it on level 1 of the Dungeon)

   [amulet of reflection]

   It reflects blocked missile attacks.
   SH:        It affects your SH (+5).
   It has a curse which improves the following skills: Ranged Combat: Slings,
   Bows, Crossbows and Throwing.
   Elements:  Fire Magic, Ice Magic, Air Magic and Earth Magic.
 m - the ring "Seobuqoh" {rPois rC+ Will- rCorr Str-4 Dex+7}
   (You took it off a deep elf pyromancer on level 3 of the Elven Halls)

   [ring of protection from cold]

   Str:       It affects your strength (-4).
   Dex:       It affects your dexterity (+7).
   rC:        It protects you from cold.
   rPois:     It protects you from poison.
   rCorr:     It protects you from acid and corrosion.
   Will:      It decreases your willpower.
 z - a ring of magical power
 H - the cursed ring of the Wild Blue Yonder (right hand) {Int+6, Self, Alch}
   (You found it in an ice cave)

   [ring of intelligence]

   Int:       It affects your intelligence (+6).
   It has a curse which improves the following skills: Introspection: Fighting
   and Spellcasting.
   Alchemy:   Poison Magic and Transmutations.
 O - the necklace of Bloodlust {*Rage Will++ Int-3 Slay+6}
   (You took it off a deep elf demonologist on level 3 of the Elven Halls)

   [amulet of nothing]

   It extends the wearer's berserk rage when killing foes.
   Int:       It affects your intelligence (-3).
   Slay:      It affects your accuracy & damage with ranged weapons and melee
   (+6).
   *Rage:     It berserks you when you make melee attacks (+50% chance).
   Will:      It greatly increases your willpower.
 V - the ring of Dufroit {rF- Dex+2 SInv Stlth+}
   (You took it off a merfolk javelineer on level 4 of the Shoals)

   [ring of see invisible]

   Dex:       It affects your dexterity (+2).
   rF:        It makes you vulnerable to fire.
   SInv:      It lets you see invisible.
   Stlth:     It makes you more stealthy.
 Y - the ring "Legre" {Contam rPois Dex+6 Stlth+}
   (You found it on level 5 of the Pits of Slime)

   [ring of dexterity]

   Dex:       It affects your dexterity (+6).
   rPois:     It protects you from poison.
   Contam:    It causes magical contamination when unequipped.
   Stlth:     It makes you more stealthy.
Wands
 b - a wand of flame (14)
 k - a wand of polymorph (37)
 n - a wand of iceblast (24)
 D - a wand of digging (1)
 G - a wand of paralysis (15)
 I - a wand of acid (9)
 L - a wand of mindburst (23)
 Q - a wand of charming (11)
Scrolls
 e - a scroll of blinking
 i - 3 scrolls of amnesia
 o - 10 scrolls of teleportation
 v - a scroll of fear
 A - 3 scrolls of holy word
 B - 5 scrolls of magic mapping
 R - 3 scrolls of fog
 T - 2 scrolls of summoning
 W - a scroll of enchant armour
 Z - a scroll of silence
Potions
 j - 7 potions of lignification
 p - 8 potions of mutation
 q - 9 potions of might
 r - 4 potions of cancellation
 u - 6 potions of brilliance
 E - 3 potions of curing
 F - a potion of berserk rage
 X - 3 potions of haste
Miscellaneous
 x - a phantom mirror
 y - a condenser vane
 K - a box of beasts
 S - a lightning rod (4/4)


   Skills:
 + Level 13.5(18.6) Fighting
 - Level 1.0(1.2) Short Blades
 - Level 1.1(1.3) Long Blades
 - Level 16.0 Staves
 - Level 4.8(7.3) Dodging
 - Level 3.0(5.2) Stealth
 - Level 18.0(24.0) Shields
 - Level 17.0(22.0) Spellcasting
 - Level 18.3(22.0) Conjurations
 - Level 10.0(14.0) Hexes
 - Level 19.3(23.0) Summonings
 - Level 2.2(5.1) Necromancy
 - Level 4.4(8.0) Translocations
 - Level 6.1(10.0) Air Magic
 - Level 5.2(9.0) Earth Magic
 - Level 3.1(6.3) Evocations


You had 3 spell levels left.
You knew the following spells:

 Your Spells              Type           Power      Damage    Failure   Level
a - Magic Dart            Conj           100%       1d8       0%          1
b - Searing Ray           Conj           100%       2d8       0%          2
c - Fulminant Prism       Conj/Hex       75%        3d32      0%          4
d - Iskenderun's Mystic   Conj/Tloc      100%       2d19      0%          4
e - Call Imp              Summ           100%       N/A       0%          2
f - Blink                 Tloc           100%       N/A       1%          2
g - Summon Lightning Spi  Summ/Air       100%       N/A       0%          4
h - Summon Mana Viper     Hex/Summ       100%       N/A       0%          5
i - Dragon's Call         Summ           69%        N/A       3%          9
j - Summon Cactus Giant   Summ           69%        N/A       0%          6
k - Orb of Destruction    Conj           80%        9d18      1%          7
l - Spellforged Servitor  Conj/Summ      81%        N/A       1%          7
m - Sublimation of Blood  Necr           83%        N/A       1%          2
n - Lehudib's Crystal Sp  Conj/Erth      72%        10d16     4%          8

Your spell library contained the following spells:

 Spells                   Type           Power      Damage    Failure   Level
 Foxfire                  Conj/Fire      100%       2x1d9     0%          1
 Shock                    Conj/Air       100%       1d9       0%          1
 Summon Small Mammal      Summ           100%       N/A       0%          1
 Confusing Touch          Hex            100%       N/A       0%          3
 Dazzling Flash           Conj/Hex       100%       N/A       0%          3
 Stone Arrow              Conj/Erth      100%       3d13      0%          3
 Summon Guardian Golem    Hex/Summ       100%       N/A       0%          3
 Apportation              Tloc           100%       N/A       1%          1
 Freeze                   Ice            100%       1d11      1%          1
 Sandblast                Erth           100%       2d20      1%          1
 Sting                    Tmut/Pois      100%       1d8       1%          1
 Corpse Rot               Necr/Air       100%       N/A       1%          2
 Passwall                 Tmut/Erth      67%        N/A       1%          2
 Poisonous Vapours        Pois/Air       100%       N/A       1%          2
 Scorch                   Fire           100%       2d10      1%          2
 Wereblood                Tmut           56%        N/A       1%          2
 Conjure Flame            Conj/Fire      100%       6-21      1%          3
 Frozen Ramparts          Ice            100%       1d12      1%          3
 Ignite Poison            Fire/Tmut/Pois 57%        N/A       1%          3
 Inner Flame              Hex/Fire       92%        N/A       1%          3
 Mephitic Cloud           Conj/Pois/Air  100%       N/A       1%          3
 Vampiric Draining        Necr           83%        2d11      1%          3
 Animate Dead             Necr           41%        N/A       1%          4
 Cause Fear               Hex            57%        N/A       1%          4
 Dispel Undead            Necr           83%        3d27      1%          4
 Flame Wave               Conj/Fire      100%       2d17      1%          4
 Hailstorm                Conj/Ice       100%       3d20      1%          4
 Petrify                  Tmut/Erth      81%        N/A       1%          4
 Summon Ice Beast         Ice/Summ       100%       N/A       1%          4
 Borgnjor's Vile Clutch   Necr/Erth      45%        N/A       1%          5
 Excruciating Wounds      Necr           41%        N/A       1%          5
 Freezing Cloud           Conj/Ice/Air   64%        6-21      1%          5
 Irradiate                Conj/Tmut      65%        3d35      1%          5
 Lee's Rapid Deconstruct  Erth           49%        3d24*     1%          5
 Lightning Bolt           Conj/Air       73%        1d98      1%          5
 Manifold Assault         Tloc           95%        N/A       1%          5
 Metabolic Englaciation   Hex/Ice        46%        N/A       1%          5
 Summon Forest            Summ/Tloc      60%        N/A       1%          5
 Yara's Violent Unravell  Hex/Tmut       46%        3d18      1%          5
 Iron Shot                Conj/Erth      72%        9d13      1%          6
 Starburst                Conj/Fire      65%        6d17      1%          6
 Enfeeble                 Hex            57%        N/A       1%          7
 Haunt                    Necr/Summ      58%        N/A       1%          7
 Monstrous Menagerie      Summ           69%        N/A       1%          7
 Summon Hydra             Summ           69%        N/A       1%          7
 Dispersal                Tloc           47%        N/A       2%          6
 Ice Form                 Ice/Tmut       57%        N/A       3%          4
 Death Channel            Necr           41%        N/A       8%          6
 Statue Form              Tmut/Erth      54%        N/A       10%         6
 Alistair's Intoxication  Tmut/Pois      37%        N/A       11%         5
 Blade Hands              Tmut           28%        N/A       11%         5
 Simulacrum               Ice/Necr       35%        N/A       21%         6
 Storm Form               Tmut/Air       41%        N/A       38%         7
 Disjunction              Tloc           47%        N/A       67%         8
 Dragon Form              Tmut           28%        N/A       95%         7
 Polar Vortex             Ice            29%        N/A       100%        9


Dungeon Overview and Level Annotations

Branches:
Dungeon (15/15)            Temple (1/1) D:7            Lair (6/6) D:10
 Shoals (4/4) Lair:3        Snake (4/4) Lair:4        Slime (5/5) Lair:5
    Orc (2/2) D:10            Elf (3/3) Orc:2        Vaults (5/5) D:13
  Crypt (0/3) Vaults:3     Depths (1/4) D:15          IceCv (visited)
Volcano (visited)

Altars:
Ashenzari
Cheibriados
Dithmenos
Elyvilon
Fedhas
Gozag
Hepliaklqana
Kikubaaqudgha
Makhleb
Nemelex Xobeh
Okawaru
Qazlal
Ru
Sif Muna
Trog
Uskayaw
Vehumet
Wu Jian
Xom
Yredelemnul
Zin
The Shining One
Beogh
Jiyva

Shops:
D:8 (   D:10 *   Orc:2 :(((   Elf:1 (   Elf:3 ==:[   Shoals:2 (   Snake:1 *
Snake:4 !*(   Vaults:3 *   Vaults:4 *   Depths:1 *

Portals:
Hell: Depths:1

Annotations:
D:4 2 transporters
D:5 1 runed translucent door, Fangowolf's ghost, novice GrFi
D:6 2 runed translucent doors


Innate Abilities, Weirdness & Mutations

You can breathe wild blasts of lightning.
Your glossy black scales are hard. (AC +11)
You cannot fit into any form of body armour.
Your large and strong wings let you fly.
You are resistant to electric shocks. (rElec)
You are cold-blooded and may be slowed by cold attacks.
You have a pair of small antennae on your head.
Your muscles are very strong. (Str +4)


Message History

Wisps of shadow whirl around you...
You swap places.
Something barely misses your ironbound preserver.
Something claws your ironbound preserver.
Something tramples your ironbound preserver but does no damage.
You swap places.
The golden dragon bites your ironbound preserver!!!
The golden dragon claws your ironbound preserver.
The golden dragon tramples your ironbound preserver!
Your ironbound preserver holds its ground!
You swap places.
You start resting.
Your frost giant barely misses the golden dragon.
Something bites your ironbound convoker.
Something claws your ironbound convoker!
Something tramples your ironbound convoker!
Your ironbound convoker holds its ground!
Something bites your ironbound convoker!!
Your ironbound convoker dies!
Your ironbound convoker's corpse dissolves into shadows!
Press: ? - help, v - describe, . - travel
Here: a golden dragon (blue smoke, heavily wounded)
The floor.
Unknown command.
What are your orders? t - Shout!
Orders for allies: a - Attack new target. p - Attack previous target. r - Retreat! s - Stop attacking. g - Guard the area. f - Follow me.
Anything else - Cancel.
Gang up on whom?
Press: ? - help, Dir - move target, f/p - golden dragon
Aim: a golden dragon (blue smoke, heavily wounded) Attack!
The golden dragon breathes cold at you. The bolt of cold hits your frost giant!
Your frost giant resists.
The bolt of cold hits your vault guard!!!
The bolt of cold hits you!! You resist.
You die...

#####################
#####################
########################*
** *
###.....§§§§pppWp.......
, ,
###.....§§§§DC.p@.......,
,
###!...#################
** , ,
###...###.#...#.###.# ,,
, ###....#.###.#.).#.##
*, , , **
###..##...#.###.#...# *
###..###.#.∆ * * , , , ,
**,* , ###..##.##* ∆ ,
**, , ,* * , ###..#..,* ,
,* * , ###..##. ,, {* * *
* , ,


You could see a golden dragon (catching breath, ally target), a vault guard, a
friendly frost giant (summoned), a friendly vault warden (summoned), 3 friendly
vault guards and a friendly freezing wraith (summoned).

Vanquished Creatures
  An ancient lich (Vaults:5)
  A lich (Vaults:5)
  2 tentacled monstrosities (Vaults:5)
  Jorgrun (Shoals:1)
  2 deep elf master archers (Elf:3)
  4 deep elf blademasters
  9 acid blobs
  Polyphemus (Shoals:4)
  Donald (Vaults:1)
  A storm dragon (D:14)
  2 nagarajas
  6 rockslimes
  5 azure jellies
  A fire giant (Vaults:5)
  A frost giant (Depths:1)
  5 vault wardens
  3 deep elf sorcerers (Elf:3)
  The ghost of scone the Zephyrmancer, a journeyman OpVM of Gozag (Lair:6)
  The ghost of BigDaddyOpFi the Fighter, a journeyman DrBe of Trog (Lair:6)
  The ghost of cookedgoose the Geomancer, a journeyman DrEE of Qazlal (Lair:6)
  3 deep elf elementalists
  3 very ugly things
  7 quicksilver oozes
  3 ironbound preservers
  A stone giant (Vaults:5)
  3 ironbound thunderhulks
  A deep elf annihilator (Elf:3)
  2 eleionomae (Shoals:4)
  A deep elf demonologist (Elf:3)
  The ghost of Gutyqen the Carver, a journeyman TeMo of the Shining One (Lair:6)
  An entropy weaver (Vaults:5)
  2 dire elephants (Vaults:4)
  5 spark wasps (Depths:1)
  4 ettins
  Snorg (D:11)
  3 deep elf death magi (Elf:3)
  3 deep elf high priests
  2 merfolk impalers (Shoals:4)
  A fire dragon (Depths:1)
  4 merfolk javelineers (Shoals:4)
  22 vault guards (Vaults:5)
  6 hydras
  3 yaktaur captains
  9 naga warriors
  4 great orbs of eyes
  2 ice dragons
  2 salamander tyrants (Snake:4)
  3 ironbound frosthearts
  7 centaur warriors
  5 satyrs (Shoals:4)
  5 anacondas
  2 merfolk aquamancers (Shoals:4)
  An alligator snapping turtle (Shoals:1)
  8 two-headed ogres
  2 merfolk avatars
  22 dancing weapons
  A deep troll shaman (Lair:6)
  4 catoblepae
  7 death yaks
  2 deep troll earth magi
  9 naga sharpshooters
  A titan zombie (D:15)
  6 tengu warriors
  Urug (Orc:2)
  Sonja (Lair:5)
  6 orc high priests (Orc:2)
  5 shock serpents
  A sun demon (Volcano)
  11 deep elf knights
  6 skeletal warriors
  4 salamander mystics
  A glowing orange brain (Depths:1)
  11 sea snakes
  A deep troll (Vaults:1)
  2 phantasmal warriors
  7 deep elf archers (Elf:1)
  5 wizards
  5 naga ritualists
  A lindwurm (Vaults:1)
  16 deep elf pyromancers
  Pikel (D:8)
  10 ironbound convokers
  18 harpies
  A harpy (shapeshifter) (D:15)
  A necromancer (D:15)
  3 mana vipers
  An orc knight (Orc:2)
  25 deep elf zephyrmancers
  14 manticores
  2 orc sorcerers
  11 cyclopes
  4 nameless horrors
  5 shining eyes
  23 fauns
  8 salamanders
  5 vault sentinels
  17 ugly things
  11 naga magi
  8 merfolk sirens
  26 black mambas
  A molten gargoyle (Volcano)
  4 water nymphs
  A torpor snail (Lair:4)
  2 centaur skeletons (D:13)
  2 ice statues (IceCv)
  An eye of devastation (Slime:4)
  3 gargoyles
  A guardian serpent (Snake:3)
  6 cane toads
  10 elephants
  11 rime drakes
  An unseen horror (D:13)
  3 yaktaurs
  A freezing wraith (D:14)
  6 komodo dragons
  An efreet (D:13)
  2 unseen horrors (shapeshifter)
  3 tengu conjurers
  18 merfolk
  3 polar bears (Lair:6)
  A troll (Orc:1)
  4 blink frogs
  4 wind drakes
  A tarantella (shapeshifter) (D:14)
  A hornet (Vaults:5)
  Prince Ribbit (D:9)
  58 slime creatures
  8 snapping turtles
  A shadow (D:11)
  4 air elementals
  Sigmund (D:3)
  3 water elementals
  63 yaks
  A spriggan (shapeshifter) (D:15)
  2 wyverns
  9 fire bats
  2 wraiths
  4 fire elementals
  A golden eye (Slime:5)
  7 steam dragons (Lair:2)
  9 basilisks
  A hog (Shoals:4)
  6 vampire mosquitoes
  2 redbacks (Vaults:5)
  17 nagas
  8 wargs
  An acid dragon (D:8)
  An acid dragon (shapeshifter) (D:14)
  21 water moccasins
  A hell hound (Volcano)
  2 floating eyes
  18 orc warriors
  4 black bears
  An ice beast (D:7)
  6 ogres
  A necrophage (D:6)
  6 centaurs
  A boggart (D:13)
  23 wolves
  A phantom (D:7)
  3 kobold brigands
  9 bullfrogs
  3 earth elementals
  5 scorpions
  4 killer bees
  11 wights
  4 lindwurm simulacra (IceCv)
  6 howler monkeys
  3 electric eels
  5 komodo dragon simulacra (IceCv)
  6 lava snakes (Volcano)
  Crazy Yiuf (D:5)
  4 centaur zombies
  A jelly (D:4)
  35 orc priests
  4 hounds
  4 hell rats (Lair:6)
  An iguana (D:2)
  Ijyb (D:5)
  17 orc wizards
  3 gnolls (D:7)
  4 acid dragon simulacra (IceCv)
  3 adders
  A shadow imp (D:7)
  2 white imps
  8 steam dragon simulacra (IceCv)
  2 worms (D:4)
  2 dart slugs (D:4)
  110 orcs
  6 ball pythons
  7 endoplasms
  3 giant cockroaches
  4 goblins
  4 hobgoblins
  9 jackals
  12 kobolds
  3 quokkas
  4 bats
  A frilled lizard (D:1)
  2 rats
  A bush (Lair:6)
  A fulminant prism (Elf:1)
1216 creatures vanquished.

Vanquished Creatures (collateral kills)
  the Royal Jelly (Slime:5)
  Saint Roka (Vaults:1)
  Xtahua (Vaults:4)
  A golden dragon (Vaults:5)
  2 hellephants (Depths:1)
  A doom hound (Depths:1)
  A deep elf blademaster (Depths:1)
  2 quicksilver dragons
  10 acid blobs
  2 deep elf master archers
  A sphinx (Depths:1)
  Kirke (Shoals:4)
  A tengu reaver (Depths:1)
  3 nagarajas
  A shadow dragon (Vaults:5)
  12 azure jellies
  5 rockslimes
  3 storm dragons (Vaults:5)
  A deep elf sorcerer (Elf:3)
  2 frost giants
  A fire giant (Vaults:5)
  5 deep elf elementalists (Elf:3)
  2 vault wardens
  3 stone giants
  7 ironbound preservers
  2 reapers (Depths:1)
  3 quicksilver oozes
  14 very ugly things
  7 ironbound thunderhulks
  2 putrid mouths (Depths:1)
  6 dire elephants (Vaults:4)
  4 deep elf annihilators (Elf:3)
  An eidolon (Vaults:3)
  2 deep elf death magi
  A crystal guardian (Vaults:2)
  An ettin (Vaults:5)
  A fire dragon (Depths:1)
  4 merfolk impalers
  5 deep elf high priests
  A jiangshi (Vaults:3)
  8 yaktaur captains
  3 great orbs of eyes
  5 vault guards
  A hydra (Lair:6)
  6 naga warriors (Snake:4)
  3 anacondas
  A rakshasa (Depths:1)
  A salamander tyrant (Snake:3)
  A peacekeeper (Vaults:2)
  2 satyrs (Shoals:4)
  A catoblepas (Lair:3)
  3 ironbound frosthearts
  2 nameless horrors
  2 dancing weapons
  A tengu warrior (Depths:1)
  2 death yaks (Shoals:4)
  A vampire mage (Depths:1)
  A deep troll shaman (Depths:1)
  8 naga sharpshooters
  An alligator snapping turtle (Shoals:4)
  A deep troll earth mage (Vaults:5)
  A soul eater (Vaults:3)
  A deep elf knight (Elf:2)
  3 salamander mystics (Snake:4)
  7 skeletal warriors
  20 deep trolls
  A phantasmal warrior (Vaults:2)
  A glowing orange brain (Depths:1)
  3 naga ritualists
  2 sea snakes
  A sphinx zombie (D:15)
  An orc knight (D:13)
  5 wizards
  6 lindwurms (Vaults:2)
  14 harpies
  6 ironbound convokers
  5 deep elf pyromancers
  23 ugly things
  12 fauns
  A fire giant zombie (D:15)
  6 mana vipers
  2 manticores
  2 shining eyes
  7 deep elf zephyrmancers
  3 cyclopes (Shoals:1)
  8 salamanders
  5 elephants
  2 eyes of devastation (Slime:2)
  A guardian serpent (Snake:4)
  A water nymph (Shoals:2)
  2 merfolk sirens (Shoals:3)
  8 vault sentinels
  9 naga magi
  12 black mambas
  2 centaur skeletons (D:13)
  A spriggan zombie (D:15)
  2 cane toads
  14 yaktaurs
  A rime drake (Lair:2)
  3 komodo dragons
  2 freezing wraiths
  10 merfolk
  A troll (Vaults:1)
  2 wind drakes (Shoals:4)
  A polar bear (Lair:5)
  4 blink frogs
  53 slime creatures
  4 snapping turtles
  A spriggan (shapeshifter) (Elf:1)
  18 yaks
  A hog (Shoals:4)
  2 vampire mosquitoes (D:11)
  Eustachio (D:4)
  A steam dragon (Lair:2)
  A warg (Vaults:5)
  17 nagas
  An acid dragon (Lair:2)
  A water moccasin (Lair:4)
  An ice beast (D:7)
  5 orc warriors
  2 ogres
  6 wolves
  A centaur (Shoals:4)
  A kobold brigand (D:13)
  A water moccasin skeleton (D:4)
  4 killer bees (D:11)
  A howler monkey (D:14)
  A lava snake (Lair:1)
  A jelly (Lair:5)
  4 orc wizards
  7 orcs
  3 endoplasms (Lair:5)
541 creatures vanquished.

Vanquished Creatures (others)
  A deep elf master archer (Elf:3)
  An azure jelly (Slime:5)
  A yaktaur captain (Vaults:2)
  An ogre mage (D:13)
  2 dancing weapons (Elf:2)
  A naga sharpshooter (Snake:2)
  A harpy (Shoals:4)
  A deep elf zephyrmancer (Elf:2)
  A slime creature (Slime:1)
  A water elemental (Elf:3)
  3 humans (Shoals:4)
  2 nagas
  A kobold brigand (D:7)
  2 bushes
  588 fulminant prisms
  114 fungi
  278 plants
  A snaplasher vine (Snake:4)
1000 creatures vanquished.

Grand Total: 2757 creatures vanquished

Notes
Turn   | Place    | Note
-------+----------+-------------------------------------------
     0 | D:1      | joshe the Draconian Conjurer began the quest for the Orb.
     0 | D:1      | Reached XP level 1. HP: 14/14 MP: 3/3
   370 | D:1      | Found a faded altar of an unknown god.
   374 | D:1      | You fall into a shaft and drop 1 floor!
   424 | D:2      | Reached XP level 2. HP: 20/20 MP: 3/5
  1126 | D:2      | Reached skill level 5 in Conjurations
  1126 | D:2      | Reached XP level 3. HP: 25/26 MP: 0/6
  1190 | D:2      | Learned a level 2 spell: Searing Ray
  2379 | D:3      | Reached XP level 4. HP: 33/33 MP: 1/7
  2626 | D:3      | Noticed Sigmund
  2633 | D:3      | Gained mutation: Your muscles are strong. (Str +2) [potion
                  | of mutation]
  2633 | D:3      | Gained mutation: You are agile. (Dex +2) [potion of
                  | mutation]
  2633 | D:3      | Gained mutation: Your muscles are very strong. (Str +4)
                  | [potion of mutation]
  2646 | D:3      | Killed Sigmund
  2647 | D:3      | Reached XP level 5. HP: 26/39 MP: 0/8
  2749 | D:3      | Learned a level 2 spell: Call Imp
  2952 | D:3      | Reached skill level 1 in Fighting
  2952 | D:3      | Reached XP level 6. HP: 20/48 MP: 1/9
  3190 | D:3      | Reached skill level 1 in Short Blades
  3519 | D:4      | Reached skill level 1 in Summonings
  3735 | D:4      | Noticed an orc warrior
  3910 | D:4      | Reached skill level 2 in Summonings
  4626 | D:4      | Noticed Eustachio
  4639 | D:4      | Killed Eustachio
  4640 | D:4      | Reached skill level 3 in Summonings
  4640 | D:4      | Your scales start taking on a glossy black colour.
  4640 | D:4      | Reached XP level 7. HP: 54/55 MP: 1/12
  4640 | D:4      | Gained mutation: You are resistant to electric shocks.
                  | (rElec) [Black Draconian growth]
  4645 | D:4      | Learned a level 4 spell: Fulminant Prism
  4730 | D:4      | Found a transporter.
  4739 | D:4      | Found a transporter.
  4794 | D:4      | Identified the +1 ring mail of the Old and Reckless {Dex+3}
  5020 | D:4      | Identified the +0 pair of gloves of a Thousand Scars
                  | {rPois}
  5377 | D:4      | Identified a scroll of acquirement
  5377 | D:4      | Acquired 1131 gold pieces
  5453 | D:5      | Entered Level 5 of the Dungeon
  5475 | D:5      | Noticed Ijyb
  5518 | D:5      | Killed Ijyb
  5774 | D:5      | Reached skill level 1 in Hexes
  6225 | D:5      | Found a runed translucent door.
  6230 | D:5      | Noticed Fangowolf's ghost (novice GrFi)
  6797 | D:5      | Reached XP level 8. HP: 61/61 MP: 7/14
  6927 | D:5      | Found a runed translucent door.
  6929 | D:5      | Noticed Crazy Yiuf
  7115 | D:5      | Killed Crazy Yiuf
  7292 | D:6      | Found a runed translucent door.
  7294 | D:6      | Found a runed translucent door.
  7716 | D:6      | Reached skill level 5 in Spellcasting
  8500 | D:7      | Reached skill level 5 in Hexes
  9280 | D:7      | Found a staircase to the Ecumenical Temple.
  9321 | D:7      | Reached XP level 9. HP: 22/69 MP: 5/16
  9325 | Temple   | Entered the Ecumenical Temple
  9801 | Temple   | Became a worshipper of Ashenzari the Shackled
 10245 | D:7      | Learned a level 4 spell: Iskenderun's Mystic Blast
 10248 | D:7      | Learned a level 2 spell: Blink
 10684 | D:8      | Noticed a two-headed ogre
 10714 | D:7      | Killed a two-headed ogre
 11256 | D:8      | Noticed Pikel
 11267 | D:8      | Killed Pikel
 11268 | D:8      | Reached skill level 4 in Summonings
 11268 | D:8      | Noticed a two-headed ogre
 11570 | D:8      | Found Jyunlem's Firing Range.
 11628 | D:8      | Noticed a cyclops
 11637 | D:8      | Killed a cyclops
 11638 | D:8      | Reached XP level 10. HP: 78/78 MP: 6/20
 11868 | D:8      | Killed a two-headed ogre
 11869 | D:8      | Reached skill level 10 in Conjurations
 12834 | D:9      | Noticed a two-headed ogre
 12846 | D:9      | Killed a two-headed ogre
 12847 | D:9      | Reached skill level 5 in Fighting
 12999 | D:9      | Reached skill level 1 in Staves
 12999 | D:9      | Reached skill level 1 in Evocations
 13245 | D:9      | Reached XP level 11. HP: 86/86 MP: 23/23
 13246 | D:9      | Reached skill level 10 in Spellcasting
 13246 | D:9      | Reached XP level 12. HP: 94/94 MP: 23/26
 13442 | D:9      | Reached skill level 1 in Shields
 13583 | D:9      | Noticed Prince Ribbit
 13593 | D:9      | Killed Prince Ribbit
 14337 | D:10     | Entered Level 10 of the Dungeon
 14350 | D:10     | Noticed a centaur warrior
 14362 | D:10     | Killed a centaur warrior
 14363 | D:10     | Reached XP level 13. HP: 81/100 MP: 11/28
 14631 | D:10     | Found a snail-covered altar of Cheibriados.
 14695 | D:10     | Reached skill level 5 in Shields
 15024 | D:10     | Reached skill level 1 in Long Blades
 15214 | D:10     | Found a staircase to the Lair.
 16140 | D:10     | Found a staircase to the Orcish Mines.
 16149 | D:10     | Found Xinn's Gadget Gallery.
 16194 | D:10     | Got Ereshkigal's Grimoire of Lethal Attacks
 16196 | D:10     | Identified the +7 eveningstar of the Candle {vorpal, rElec}
 16435 | Orc:1    | Entered Level 1 of the Orcish Mines
 16818 | Orc:1    | Found a frozen archway.
 16822 | IceCv    | Entered an ice cave
 17462 | IceCv    | Reached * piety under Ashenzari
 17921 | IceCv    | Identified the ring of Enilel {rCorr Str+6 Stlth+}
 18627 | Orc:2    | Entered Level 2 of the Orcish Mines
 18640 | Orc:2    | Found a dark tunnel.
 18649 | Volcano  | Entered a volcano
 18763 | Volcano  | Found a burning altar of Makhleb.
 19753 | Orc:2    | Noticed Urug
 19764 | Orc:2    | Killed Urug
 19978 | Orc:2    | Found a staircase to the Elven Halls.
 20499 | Orc:2    | Gained mutation: Your large and strong wings let you fly.
                  | [Black Draconian growth]
 20499 | Orc:2    | Reached XP level 14. HP: 99/113 MP: 7/30
 21504 | Orc:2    | Found Cago's Antique Weapon Emporium.
 21504 | Orc:2    | Found Ryja's Antique Weapon Shop.
 21758 | Orc:2    | Found Roin Woc's Book Emporium.
 21758 | Orc:2    | Found Lezim's Weapon Shop.
 21762 | Orc:2    | Bought the Incunabulum of Supportive Poisoning for 560 gold
                  | pieces
 21767 | Orc:2    | Learned a level 4 spell: Summon Lightning Spire
 21861 | Lair:1   | Entered Level 1 of the Lair of Beasts
 21868 | Lair:1   | Reached skill level 1 in Air Magic
 21869 | Lair:1   | Reached skill level 15 in Conjurations
 23025 | Lair:1   | Reached skill level 5 in Air Magic
 23587 | Lair:2   | Reached ** piety under Ashenzari
 24658 | Lair:2   | Reached *** piety under Ashenzari
 25109 | Lair:2   | Identified the +2 pair of gloves "Zaumeo Kuapn" {MP+9 Int+2
                  | Stlth+}
 25500 | Lair:3   | Found a staircase to the Shoals.
 26304 | Lair:3   | Reached skill level 5 in Staves
 27974 | Lair:4   | Reached XP level 15. HP: 132/132 MP: 13/34
 28668 | Lair:4   | Reached **** piety under Ashenzari
 28693 | Lair:4   | Found a staircase to the Snake Pit.
 29077 | Snake:1  | Entered Level 1 of the Snake Pit
 29111 | Lair:5   | Noticed Sonja
 29115 | Lair:5   | Killed Sonja
 30186 | Lair:5   | Found a runed translucent door.
 30187 | Lair:5   | Found a viscous altar of Jiyva.
 30189 | Lair:5   | Found a staircase to the Slime Pits.
 30260 | Lair:6   | Entered Level 6 of the Lair of Beasts
 30487 | Lair:6   | Found a runed translucent gate.
 30489 | Lair:6   | Found a runed translucent gate.
 30489 | Lair:6   | Noticed scone's ghost (journeyman OpVM)
 30490 | Lair:6   | Found a runed translucent gate.
 30490 | Lair:6   | Noticed BigDaddyOpFi's ghost (journeyman DrBe)
 30491 | Lair:6   | Noticed cookedgoose's ghost (journeyman DrEE)
 30492 | Lair:6   | Noticed Gutyqen's ghost (journeyman TeMo)
 30493 | Lair:6   | Identified the -1 pair of gloves of Ashenzari {*Corrode
                  | rElec rF++ Slay+3}
 30591 | Lair:6   | Reached skill level 10 in Fighting
 31218 | Lair:6   | Reached skill level 5 in Summonings
 31740 | Lair:6   | Reached skill level 6 in Summonings
 32010 | Lair:6   | Reached ***** piety under Ashenzari
 32424 | Lair:6   | Killed Gutyqen's ghost
 32429 | Lair:6   | Killed scone's ghost
 32429 | Lair:6   | Killed cookedgoose's ghost
 32434 | Lair:6   | Killed BigDaddyOpFi's ghost
 32741 | Elf:1    | Entered Level 1 of the Elven Halls
 32876 | Elf:1    | Paralysed by an air elemental for 1 turns
 33056 | Elf:1    | Learned a level 5 spell: Summon Mana Viper
 33062 | Elf:1    | Learned a level 5 spell: Summon Forest
 33069 | Elf:1    | Learned a level 6 spell: Summon Cactus Giant
 33247 | Elf:1    | Reached skill level 7 in Summonings
 33754 | Elf:1    | Reached XP level 16. HP: 127/147 MP: 26/38
 34251 | Elf:1    | Found Cipaloro's Antique Weapon Emporium.
 34593 | Elf:2    | Identified the +2 ring mail "Myemuef" {MP+9 Str+8}
 34644 | Elf:2    | Found a flickering gateway to a bazaar.
 34650 | Bazaar   | Entered a bazaar
 34675 | Bazaar   | Found Goku's Antique Armour Emporium.
 34691 | Bazaar   | Found Felaoz's Antique Armour Shop.
 34713 | Bazaar   | Found Ihaet's Weapon Emporium.
 34722 | Bazaar   | Found Rohe's Antique Armour Shop.
 34753 | Bazaar   | Found Wack's Armour Shop.
 34850 | Bazaar   | Bought a shiny orb for 420 gold pieces
 34871 | Bazaar   | Bought a runed scarf for 216 gold pieces
 35401 | Elf:2    | Found a runed translucent gate.
 35403 | Elf:2    | Found a runed translucent gate.
 35404 | Elf:2    | Found a runed translucent gate.
 35461 | Elf:2    | Reached skill level 10 in Shields
 35845 | Elf:2    | Acquired 797 gold pieces
 35904 | Elf:2    | Noticed a deep elf blademaster
 35925 | Elf:2    | Killed a deep elf blademaster
 36545 | Elf:2    | Reached skill level 8 in Summonings
 36996 | Elf:2    | Reached skill level 9 in Summonings
 37310 | Elf:2    | Reached skill level 10 in Summonings
 37794 | Elf:3    | Entered Level 3 of the Elven Halls
 37805 | Elf:3    | Identified the +8 long sword of Kodiad {antimagic, Int+4
                  | Dex+2 Stlth-}
 37809 | Elf:3    | Found Idouraogro's Armour Boutique.
 38132 | Elf:3    | Identified the Disquisition on Cold
 38132 | Elf:3    | Identified the Grimoire of the Blaze
 38439 | Elf:3    | Identified Sif Muna's Handbook of the Birds
 38442 | Elf:3    | Identified Wosaong's Papyrus of Earth
 38813 | Elf:3    | Reached ****** piety under Ashenzari
 38855 | Elf:3    | Found Faynuli's Jewellery Emporium.
 38856 | Elf:3    | Found Zaatoasm's Book Boutique.
 38858 | Elf:3    | Found Nudally's Jewellery Emporium.
 38868 | Elf:3    | Bought a book of Dangerous Friends for 480 gold pieces
 38868 | Elf:3    | Bought a book of Blood for 336 gold pieces
 38868 | Elf:3    | Bought a book of Ice for 552 gold pieces
 38876 | Elf:3    | Learned a level 7 spell: Orb of Destruction
 38884 | Elf:3    | Learned a level 7 spell: Spellforged Servitor
 38887 | Elf:3    | Learned a level 2 spell: Sublimation of Blood
 40118 | Elf:3    | Identified the +6 glaive "Leggoirph" {flame, rPois rC++
                  | Dex-2}
 40118 | Elf:3    | Identified the +3 steam dragon scales of Ynieschum {+Inv
                  | rPois Regen+ Str+3}
 40118 | Elf:3    | Identified the ring "Zigyg" {Wiz rF+ Will+ Str+2}
 40320 | Elf:3    | Reached XP level 17. HP: 161/161 MP: 29/41
 40419 | Elf:3    | Identified the +9 battleaxe of Propriety {venom, rF++}
 40419 | Elf:3    | Identified the ring "Huxeruc" {Contam rElec AC+4 Str+3}
 40629 | Elf:3    | Identified the ring "Seobuqoh" {rPois rC+ Will- rCorr Str-4
                  | Dex+7}
 40637 | Elf:3    | Reached skill level 11 in Summonings
 41378 | Elf:3    | Noticed a deep elf master archer
 41396 | Elf:3    | Killed a deep elf master archer
 41448 | Elf:3    | Noticed a deep elf blademaster
 41451 | Elf:3    | Killed a deep elf blademaster
 41557 | Elf:3    | Noticed a deep elf blademaster
 41563 | Elf:3    | Killed a deep elf blademaster
 41611 | Elf:3    | Noticed a deep elf master archer
 41626 | Elf:3    | Learned a level 5 spell: Lee's Rapid Deconstruction
 41638 | Elf:3    | Killed a deep elf master archer
 41651 | Elf:3    | Noticed a deep elf master archer
 41654 | Elf:3    | Noticed a deep elf blademaster
 41673 | Elf:3    | Killed a deep elf master archer
 41673 | Elf:3    | Killed a deep elf blademaster
 41674 | Elf:3    | Reached skill level 1 in Earth Magic
 41744 | Elf:3    | Noticed a deep elf master archer
 41922 | Elf:3    | Killed a deep elf master archer
 42075 | Elf:3    | Identified the Incunabulum of the Supportive Volcanoes
 42079 | Elf:3    | Identified the Tome of Clay and Evil
 42081 | Elf:3    | Found the +0 mask of the Dragon {Will+ Slay+3 SInv}
 42095 | Elf:3    | Identified the +1 flail of Inconvenience {drain, Str-3
                  | Int+5 Dex+4 Stlth-}
 42097 | Elf:3    | Identified the +6 spear "Achiets" {vorpal, rN++}
 43627 | Snake:1  | Identified the +7 whip of Fee Simple {vorpal, Str+3}
 43655 | Snake:1  | Found Runese's General Store.
 43671 | Snake:1  | Bought a book of Beasts for 646 gold pieces
 43671 | Snake:1  | Bought a wand of acid (4) for 272 gold pieces
 45097 | Snake:2  | Reached skill level 12 in Summonings
 45782 | Snake:3  | Reached skill level 1 in Necromancy
 46571 | Snake:3  | Reached skill level 13 in Summonings
 47142 | Snake:3  | Reached XP level 18. HP: 169/169 MP: 28/42
 47380 | Snake:4  | Entered Level 4 of the Snake Pit
 47759 | Snake:4  | Found Cewnunwi's Jewellery Emporium.
 47762 | Snake:4  | Found Bellir's Antique Weapon Emporium.
 47766 | Snake:4  | Found Nepheh's Distillery.
 47767 | Snake:4  | Found Zenoir's General Store.
 47778 | Snake:4  | Bought a potion of curing for 51 gold pieces
 47778 | Snake:4  | Bought a potion of resistance for 170 gold pieces
 47778 | Snake:4  | Bought a potion of brilliance for 68 gold pieces
 47782 | Snake:4  | Bought a potion of curing for 63 gold pieces
 48886 | Snake:4  | Reached skill level 14 in Summonings
 49266 | Snake:4  | Reached skill level 15 in Summonings
 49684 | Snake:4  | Got a serpentine rune of Zot
 50023 | Shoals:1 | Entered Level 1 of the Shoals
 51653 | Shoals:1 | Noticed Jorgrun
 51657 | Shoals:1 | Killed Jorgrun
 52434 | Shoals:2 | Found Laichali's Weapon Emporium.
 53205 | Shoals:3 | Reached XP level 19. HP: 170/170 MP: 24/41
 54500 | Shoals:3 | Learned a level 9 spell: Dragon's Call
 54998 | Shoals:4 | Entered Level 4 of the Shoals
 55044 | Shoals:4 | Reached skill level 16 in Summonings
 55245 | Shoals:4 | Noticed Kirke
 55249 | Shoals:4 | Killed Kirke
 55576 | Shoals:4 | Noticed Polyphemus
 55589 | Shoals:4 | Killed Polyphemus
 55950 | Shoals:4 | Reached skill level 15 in Shields
 57765 | Shoals:4 | Got a barnacled rune of Zot
 57849 | Shoals:4 | Identified Fotig's Reference Book on Arcane Weapons and Air
 58153 | Shoals:4 | Identified the ring of Dufroit {rF- Dex+2 SInv Stlth+}
 58383 | Shoals:4 | Identified the Incunabulum of Fetching Air
 58640 | Slime:1  | Entered Level 1 of the Pits of Slime
 59322 | Slime:1  | Found a viscous altar of Jiyva.
 59652 | Slime:2  | Reached skill level 17 in Summonings
 60264 | Slime:2  | Reached XP level 20. HP: 93/178 MP: 0/43
 61125 | Slime:3  | Gained mutation: Your magical capacity is low. (-10% MP) [a
                  | shining eye]
 61182 | Slime:3  | Lost mutation: You are agile. (Dex +2) [potion of mutation]
 61182 | Slime:3  | Lost mutation: Your magical capacity is low. (-10% MP)
                  | [potion of mutation]
 61182 | Slime:3  | Gained mutation: You have a pair of small antennae on your
                  | head. [potion of mutation]
 62684 | Slime:4  | Reached skill level 15 in Spellcasting
 63425 | Slime:5  | Entered Level 5 of the Pits of Slime
 63839 | Slime:5  | Reached skill level 18 in Summonings
 65415 | Slime:5  | Noticed the Royal Jelly
 65428 | Slime:5  | Killed the Royal Jelly
 66782 | Slime:5  | Identified the +3 leather armour of Piyddeffea {Str+2 Dex-3
                  | SInv}
 66783 | Slime:5  | Identified Sif Muna's Papyrus of Creative Snow
 66787 | Slime:5  | Identified the Compendium of Ghastly Curses
 66814 | Slime:5  | Identified the ring "Legre" {Contam rPois Dex+6 Stlth+}
 66870 | Slime:5  | Got a slimy rune of Zot
 67539 | D:11     | Noticed Snorg
 67549 | D:11     | Killed Snorg
 67562 | D:11     | Reached skill level 10 in Hexes
 69740 | D:13     | Found a gate to the Vaults.
 70717 | D:14     | Identified the +12 glaive of Kyapuufid {holy, rF+ Str+4}
 71068 | D:14     | Found a hazy altar of Hepliaklqana.
 71081 | D:14     | Reached skill level 10 in Staves
 71573 | D:15     | Entered Level 15 of the Dungeon
 71909 | D:15     | Found a staircase to the Depths.
 71932 | D:15     | Reached XP level 21. HP: 188/189 MP: 33/47
 72033 | D:15     | Found a sacrificial altar of Ru.
 72923 | Depths:1 | Entered Level 1 of the Depths
 73209 | D:15     | Acquired 955 gold pieces
 73280 | Depths:1 | Identified the +4 leather armour of Hadjma {Rampage}
 73601 | Depths:1 | Found a gateway to Hell.
 73791 | Depths:1 | Paralysed by a floating eye for 2 turns
 73966 | Depths:1 | Reached skill level 15 in Staves
 74578 | Depths:1 | Found an opulent altar of Gozag.
 74584 | Depths:1 | Found Gozag's Platinum Reserve.
 74906 | Vaults:1 | Entered Level 1 of the Vaults
 74910 | Vaults:1 | Noticed Saint Roka
 74930 | Vaults:1 | Killed Saint Roka
 76187 | Vaults:1 | Noticed Donald
 76197 | Vaults:1 | Killed Donald
 77144 | Vaults:1 | Reached skill level 19 in Summonings
 77956 | Vaults:2 | Identified the +2 arbalest "Wigiq" {penet, rF+ Int+3}
 78408 | Vaults:2 | Reached XP level 22. HP: 145/199 MP: 20/47
 78544 | Vaults:2 | Learned a level 8 spell: Lehudib's Crystal Spear
 79726 | Vaults:3 | Found a staircase to the Crypt.
 80696 | Vaults:3 | Found Ness's Assorted Antiques.
 81655 | Vaults:4 | Found Joczunim's Assorted Antiques.
 81663 | Vaults:4 | Bought a potion of heal wounds for 210 gold pieces
 81663 | Vaults:4 | Bought a scroll of fear for 147 gold pieces
 81700 | Vaults:4 | Acquired 1010 gold pieces
 82437 | Vaults:4 | Noticed Xtahua
 82447 | Vaults:4 | Killed Xtahua
 83759 | Snake:1  | Bought a scroll of immolation for 59 gold pieces
 84078 | Vaults:5 | Entered Level 5 of the Vaults
 84083 | Vaults:5 | Reached skill level 5 in Earth Magic
 84083 | Vaults:5 | Noticed an ancient lich
 84093 | Vaults:5 | Killed an ancient lich
 84094 | Vaults:5 | Noticed a golden dragon
 84136 | Vaults:5 | Killed a golden dragon
 84150 | Vaults:5 | Noticed a golden dragon
 84155 | Vaults:5 | Reached XP level 23. HP: 47/209 MP: 14/49
 84201 | Vaults:5 | HP: 9/211 [stone giant/large rock (36)]
 84368 | Vaults:5 | Killed from afar by a golden dragon

Illustrated notes

Levels and vault maps discovered:
D:1:      minmay_arrival_three_doors, layout_rooms,
          chequers_ecumenical_altar_simple, serial_forest,
          infiniplex_forest_clump_double, infiniplex_forest_lined_3_way,
          infiniplex_forest_lined_corner, infiniplex_forest_lined_corner,
          infiniplex_forest_clump_tiny, infiniplex_forest_lined_3_way,
          infiniplex_forest_clump_long, infiniplex_forest_lined_room_,
          minmay_tromino_v4_a
D:2:      layout_basic
D:3:      layout_loops_ring, uniq_sigmund
D:4:      gammafunk_wand_slinger, layout_basic, minivault_4,
          grunt_decor_junction, uniq_eustachio
D:5:      layout_loops_corners, ebering_ghost_sewer_d, uniq_ijyb,
          uniq_crazy_yiuf_cottage
D:6:      lemuel_insect_pit, layout_gridville
D:7:      layout_basic, minmay_temple_entry_glass
D:8:      layout_cave_pools, nicolae_shop_firing_range, uniq_pikel
D:9:      layout_loops_corners, serial_glass, glass_columns_c, glass_columns_a,
          glass_columns_c, glass_columns_b, glass_columns_a, glass_columns_b,
          due_unseen_surprise, uniq_prince_ribbit1
D:10:     minmay_shrinking_squares, layout_grid_maze,
          mainiacjoe_overflow_alcove_1, due_lair_maze_entry_diamond,
          orc_0_dummy, nicolae_shop_gadgets
D:11:     layout_small_grid, uniq_snorg
D:12:     layout_roguey
D:13:     layout_irregular_city, hangedman_vaults_entry_quadrant_bands
D:14:     layout_stronghold, nicolae_hepliaklqana_hippocampus, wad_dig_loot
D:15:     gammafunk_depths_entry_grave, layout_cross, nicolae_ru_awakened_eye,
          nicolae_fountain_basement
Temple:   mainiacjoe_temple_archimedes_tessellation
Lair:1:   layout_gridlike
Lair:2:   layout_regular_city, serial_rivers, chequers_serial_rivers_room_b,
          chequers_serial_rivers_room_a, chequers_serial_rivers_room_b,
          chequers_serial_rivers_micro_e, bobbens_dragon_lair_wall,
          infiniplex_staircase_pool_2
Lair:3:   layout_layer_cave, shoals_dummy_entry, beast_lair_carwin_7
Lair:4:   layout_misc_corridors, minmay_snake_entry_six_corridors
Lair:5:   layout_cellular_growth, slime_altar_2, serial_bayou_shore_a,
          grunt_megastairs_5, uniq_sonja
Lair:6:   grunt_lair_end_beastmaster, layout_gridlike, gammafunk_ghost_cemetery
Shoals:1: layout_shoals, st_cyclops, uniq_jorgrun
Shoals:2: layout_shoals, serial_shops, shop
Shoals:3: nicolae_shoals_island_circles, layout_shoals
Shoals:4: shoals_end_grunt_ice, layout_shoals, nicolae_shoals_enchanted_isle,
          uniq_polyphemus, uniq_kirke
Snake:1:  layout_onion, serial_shops, nicolae_shop_trees
Snake:2:  layout_grid_maze, serial_bayou_shore_b
Snake:3:  layout_grid_maze, grunt_ministairs_6
Snake:4:  snake_pit, layout_misc_corridors, minmay_shop_grid_forest
Slime:1:  layout_caves, basic_altar
Slime:2:  layout_caves
Slime:3:  layout_caves
Slime:4:  layout_caves, nicolae_slime_barrier
Slime:5
Orc:1:    layout_caves, portal_ice_cave_entry_pillars_2, basic_altar
Orc:2:    st_orc_town, layout_caves, nicolae_volcano_entry_batcave,
          minmay_orc_barracks, uniq_urug
Elf:1:    nicolae_elf_arrival_aired_out, layout_loops_ring, serial_shops, shop,
          hangedman_corner_corridor, st_stairs_12
Elf:2:    nicolae_elf_blades_splatter_lattice [nicolae_blade_entry_antechamber],
          layout_geoelf_diagonals, serial_shops, bzr_in_the_mist
Elf:3:    minmay_elf_hall_statues, layout_geoelf_castle, serial_shops,
          nicolae_shop_statue_plus, nicolae_elf_elemental_lessons,
          minmay_shop_grove
Vaults:1: v_misc_5, hangedman_vaults_unwind, nicolae_vaults_lopsided_apartments,
          vaults_mumra_minichess, nicolae_vaults_theta, vaults_room_fours,
          layout_vaults_omnibox, uniq_saint_roka, uniq_donald
Vaults:2: v_misc_30, nicolae_vaults_network_periphery,
          nicolae_vaults_little_squares_6, dpeg_vaults_monster_box,
          vaults_room_stairs_pillars, vaults_room_door_ring,
          grunt_vaults_funnel, v_misc_19, nicolae_vaults_yaktaur_gun_rack,
          hangedman_vaults_trim, layout_vaults_omnigrid
Vaults:3: v_misc_14, vaults_dpeg_hooks, vaults_dpeg_encased_lava,
          v_alt_pattern_5, ontoclasm_vaults_idyll,
          minmay_crypt_entry_simple_corners, vaults_room_pool, v_misc_3,
          v_pattern_4, vaults_dpeg_ring, layout_vaults_chaotic_city,
          serial_shops, nicolae_diamond_shop
Vaults:4: ontoclasm_vaults_tryst, vaults_room_fancy_cross, v_alt_pattern_4,
          ontoclasm_vaults_ligature, ontoclasm_vaults_pinch, vaults_room_grid,
          nicolae_vaults_little_squares_6, v_misc_25,
          nicolae_vaults_circle_grid_a, ontoclasm_vaults_loading_screen,
          layout_vaults_big_cross, serial_shops, shop, uniq_xtahua
Vaults:5: serial_shops, uniq_frederick
Depths:1: hangedman_cross_stitches, layout_cave_pools,
          nicolae_gozag_zags_fifth_avenue, hell_entry,
          kennysheep_cross_bottleneck, beargit_elvish_explorers

Skill      XL: |  1  2  3  4  5  6  7  8  9 10 11 12 13 14 15 16 17 18 19 20 21 22 |
---------------+-------------------------------------------------------------------+-----
Conjurations   | 5 6 7 8 9 13 14 15 16 18 | 18.3
Fighting       | 1 2 3 4 5 7 9 10 11 13 | 13.5
Short Blades   | 1 |  1.0
Stealth        | 2 3 |  3.0
Summonings     | 3 4 7 10 13 15 17 18 19 | 19.3
Dodging        | 2 4 |  4.8
Spellcasting   | 3 4 5 7 8 10 11 12 13 14 15 16 17 | 17.0
Hexes          | 3 5 6 7 8 9 10 | 10.0
Translocations | 4 |  4.4
Staves         | 1 4 6 7 11 16 | 16.0
Evocations     | 2 3 |  3.1
Shields        | 3 6 8 11 12 14 16 17 18 | 18.0
Long Blades    | 1 |  1.1
Air Magic      | 5 6 |  6.1
Earth Magic    | 3 5 |  5.2
Necromancy     | 2 |  2.2

Action                   |  1- 3 |  4- 6 |  7- 9 | 10-12 | 13-15 | 16-18 | 19-21 | 22-24 || total
-------------------------+-------+-------+-------+-------+-------+-------+-------+-------++-------
Melee: Dagger            |     7 |    10 |       |       |       |       |       |       ||    17
       Tailslap          |       |     1 |     4 |     1 |    38 |    18 |    55 |    10 ||   127
       Rapier            |       |       |    30 |    13 |       |       |       |       ||    43
       Staff             |       |       |     2 |       |   188 |    99 |   289 |    30 ||   608
       Scimitar          |       |       |       |       |     1 |       |       |       ||     1
 Cast: Magic Dart        |    58 |    34 |    73 |    23 |   133 |     6 |       |       ||   327
       Searing Ray       |     3 |    22 |    33 |    12 |    36 |    13 |     5 |     1 ||   125
       Call Imp          |       |     7 |    15 |     4 |     8 |       |     1 |       ||    35
       Fulminant Prism   |       |       |    23 |    28 |   308 |   186 |    44 |     1 ||   590
       Iskenderun's Myst |       |       |     7 |     6 |   119 |    42 |    70 |    15 ||   259
       Blink             |       |       |     1 |       |     8 |     1 |       |       ||    10
       Summon Lightning  |       |       |       |       |    50 |    43 |    44 |     3 ||   140
       Summon Cactus Gia |       |       |       |       |     1 |    23 |    36 |     3 ||    63
       Summon Mana Viper |       |       |       |       |     1 |     1 |     1 |       ||     3
       Summon Forest     |       |       |       |       |     1 |     1 |       |       ||     2
       Spellforged Servi |       |       |       |       |       |    66 |    75 |    27 ||   168
       Orb of Destructio |       |       |       |       |       |   135 |   283 |    30 ||   448
       Sublimation of Bl |       |       |       |       |       |    11 |     8 |       ||    19
       Lee's Rapid Decon |       |       |       |       |       |     5 |       |       ||     5
       Dragon's Call     |       |       |       |       |       |       |     9 |    18 ||    27
       Lehudib's Crystal |       |       |       |       |       |       |       |    10 ||    10
Invok: Curse Item        |       |       |       |       |     7 |     2 |     3 |       ||    12
       Shatter the Chain |       |       |       |       |       |     1 |     2 |       ||     3
 Abil: Breathe Lightning |       |       |     6 |     1 |    42 |    10 |    13 |       ||    72
Evoke: Wand              |       |       |       |     2 |     6 |     2 |     6 |       ||    16
       Phantom mirror    |       |       |       |       |       |     1 |       |       ||     1
       Lightning rod     |       |       |       |       |       |       |     4 |       ||     4
  Use: Scroll            |     4 |     4 |    13 |     5 |     4 |     7 |     6 |     8 ||    51
       Potion            |       |     4 |     1 |     2 |     6 |     5 |     2 |    21 ||    41
 Stab: Distracted        |       |       |       |       |     4 |     3 |     6 |       ||    13
Armor: Skin              |     1 |     5 |    24 |     8 |   109 |    44 |    49 |     3 ||   243
Dodge: Dodged            |     9 |    21 |    71 |    12 |   188 |    71 |    75 |    13 ||   460
Block: Other             |     4 |     8 |    36 |     5 |       |       |       |       ||    53
       Reflection        |       |     2 |     5 |     3 |    15 |    70 |   115 |    34 ||   244
       Buckler           |       |       |       |     3 |   175 |    13 |       |       ||   191
       Tower shield      |       |       |       |       |       |   268 |   482 |    64 ||   814
